 Dungeon Sprint DCSS version 0.26-a0-1033-gd598b01645 (webtiles) character file.

Game seed: 13601590143485881912

169 mhtbhm the Shield-Bearer (level 5, 0/36 HPs)
             Began as a Gargoyle Fighter on Dec 10, 2020.
             Was an Initiate of Gozag.
             Slain by a hornet (10 damage)
             ... in the Dungeon (Sprint IX: "|||||||||||||||||||||||||||||").
             The game lasted 00:00:44 (251 turns).

mhtbhm the Shield-Bearer (Gargoyle Fighter)          Turns: 251, Time: 00:00:44

Health: 0/36       AC: 14    Str: 24    XL:     5   Next: 50%
Magic:  5/5        EV: 11    Int:  8    God:    Gozag
Gold:   0          SH: 10    Dex:  9    Spells: 4/4 levels left

rFire    . . .     SeeInvis .   a - +0 flail
rCold    . . .     Faith    .   c - +0 kite shield
rNeg     + . .     Spirit   .   b - +2 ring mail
rPois    ∞         Reflect  .   (no helmet)
rElec    +         Harm     .   q - +0 cloak
rCorr    .         Rampage  .   (no gloves)
Will     .....     NoTele   +   p - +0 pair of boots
Stlth    ++........             (no amulet)
HPRegen  0.12/turn              r - +3 ring of strength
MPRegen  0.09/turn              o - +2 ring of evasion

@: gold aura, very slightly contaminated
A: negative energy resistance 1, electricity resistance, unbreathing,
petrification resistance, rot immunity, AC +4
a: Potion Petition, Call Merchant, Bribe Branch, Renounce Religion


You were in the Dungeon.
You worshipped Gozag.
Gozag was noncommittal.
You visited 1 branch

Inventory:

Hand Weapons
 a - a +0 flail (weapon)
Armour
 b - a +2 ring mail (worn)
 c - a +0 kite shield (worn)
 p - a +0 pair of boots (worn)
 q - a +0 cloak (worn)
Jewellery
 o - a +2 ring of evasion (right hand)
 r - a +3 ring of strength (left hand)
Wands
 n - a wand of iceblast (10)
Scrolls
 j - 2 scrolls of blinking
 l - 3 scrolls of remove curse
 m - 2 scrolls of amnesia
Potions
 d - a potion of might
 e - 5 potions of curing
 f - 3 potions of heal wounds
 g - a potion of haste
 h - 4 potions of magic
 i - a potion of berserk rage


   Skills:
 + Level 5.6 Fighting
 + Level 5.9 Maces & Flails
 + Level 6.0 Armour
 + Level 1.7 Dodging
 + Level 3.9 Stealth
 + Level 6.4 Shields


You had 4 spell levels left.
You didn't know any spells.
Your spell library was empty.

Dungeon Overview and Level Annotations

Branches:
Dungeon (1/1)

Altars:
Cheibriados
Dithmenos
Elyvilon
Fedhas
Gozag
Hepliaklqana
Kikubaaqudgha
Makhleb
Nemelex Xobeh
Okawaru
Qazlal
Ru
Sif Muna
Trog
Uskayaw
Vehumet
Wu Jian
Xom
Yredelemnul
Zin
The Shining One
Beogh
Jiyva
Lugonu


Innate Abilities, Weirdness & Mutations

You are resistant to torment.
Your stone body is resilient. (AC +4)
You are immune to poison.
You resist negative energy. (rN+)
You are resistant to electric shocks. (rElec)
You can survive without breathing.
You are immune to petrification.
You are immune to rotting.


Message History

Your Armour skill increases to level 6!
Your Dodging skill increases to level 1!
Your Stealth skill gained 2 levels and is now at level 3!
Your Shields skill increases to level 6!
You have reached level 5!
The hornet buzzes angrily.
The bullfrog gives a loud, deep croak!
You block the hornet's attack. The hornet barely misses you.
There is an open door to the Dungeon, spattered with blood here.
You see here 117 gold pieces.
You miss the hornet. You block the hornet's attack.
You closely miss the hornet.
You flicker back into view.
The bullfrog croaks.
The water moccasin hisses angrily.
You block the hornet's attack. The hornet stings you!
* * * LOW HITPOINT WARNING * * *
You hit the hornet.
The hornet is lightly wounded.
The hornet stings you!
You die...
Your body crumbles into a pile of gold.

▓.▓
$
▓)▓
$
▓.▓
$
▓.▓
▓.▓
$
▓[▓
▓.▓
$
▓.▓
▓@▓
$ $
▓y▓
▓F▓
$
▓S▓
$
▓Z▓
$ $
▓.▓
$
▓.▓
$
▓+▓


You could see a hornet, a water moccasin, a bullfrog and a bat zombie.

Vanquished Creatures
  A phantom (D)
  A bullfrog (D)
  An ufetubus (D)
  An orc (D)
  A ball python (D)
  A bat zombie (D)
  A giant cockroach (D)
  A goblin (D)
  A hobgoblin (D)
  A quokka (D)
  A kobold (D)
  A leopard gecko zombie (D)
12 creatures vanquished.

Notes
Turn   | Place    | Note
-------+----------+-------------------------------------------
     0 | D        | mhtbhm the Gargoyle Fighter began the quest for the Orb.
     0 | D        | Reached XP level 1. HP: 14/14 MP: 1/1
    96 | D        | Reached XP level 2. HP: 18/20 MP: 2/2
   113 | D        | Found a roughly hewn altar of Beogh.
   113 | D        | Found a snail-covered altar of Cheibriados.
   113 | D        | Found a shadowy altar of Dithmenos.
   113 | D        | Found a white marble altar of Elyvilon.
   113 | D        | Found a blossoming altar of Fedhas.
   113 | D        | Found an opulent altar of Gozag.
   114 | D        | Found a hazy altar of Hepliaklqana.
   115 | D        | Found a viscous altar of Jiyva.
   116 | D        | Found an ancient bone altar of Kikubaaqudgha.
   117 | D        | Found a corrupted altar of Lugonu.
   118 | D        | Found a burning altar of Makhleb.
   119 | D        | Found a sparkling altar of Nemelex Xobeh.
   120 | D        | Found an iron altar of Okawaru.
   121 | D        | Found a stormy altar of Qazlal.
   122 | D        | Found a sacrificial altar of Ru.
   123 | D        | Found a shimmering blue altar of Sif Muna.
   124 | D        | Found a bloodstained altar of Trog.
   131 | D        | Became a worshipper of Gozag Ym Sagoz the Greedy
   136 | D        | Found a hide-covered altar of Uskayaw.
   137 | D        | Found a radiant altar of Vehumet.
   138 | D        | Found an ornate altar of the Wu Jian Council.
   139 | D        | Found a shimmering altar of Xom.
   140 | D        | Found a basalt altar of Yredelemnul.
   141 | D        | Found a glowing silver altar of Zin.
   142 | D        | Found a glowing golden altar of the Shining One.
   151 | D        | Found the +6 Majin-Bo {vamp, MP+6 Int+6}
   207 | D        | Noticed a bullfrog
   207 | D        | Noticed a phantom
   207 | D        | Noticed a hornet
   207 | D        | Noticed a bullfrog
   207 | D        | Noticed a water moccasin
   217 | D        | Killed a bullfrog
   218 | D        | Reached skill level 5 in Fighting
   218 | D        | Reached skill level 5 in Armour
   218 | D        | Reached skill level 1 in Stealth
   218 | D        | Reached skill level 5 in Shields
   218 | D        | Reached XP level 3. HP: 21/26 MP: 3/3
   218 | D        | Reached XP level 4. HP: 25/31 MP: 4/4
   247 | D        | Killed a phantom
   248 | D        | Reached skill level 5 in Maces & Flails
   248 | D        | Reached skill level 1 in Dodging
   248 | D        | Reached XP level 5. HP: 21/36 MP: 5/5
   251 | D        | Slain by a hornet

Illustrated notes

Levels and vault maps discovered:
D:        linesprint [early_d, line_temple, items_1, d_10, items_2, lair_1,
          lair_end, items_3, orc_1, orc_end, items_4, d_15, swamp_1, shoals_1,
          snake_1, spider_1, d_20, vaults_1, items_5, swamp_end, shoals_end,
          snake_end, spider_end, vaults_end, d_27, items_6, zot_1, zot_end,
          crypt_end, forest_end, elf_end, slime_end, tomb_end, abyss_end,
          pan_hell_end]

Skill      XL: |  1  2  3  4 |
---------------+-------------+-----
Armour         | 4 5 6 |  6.0
Shields        | 4 5 6 |  6.4
Fighting       | 5 |  5.6
Maces & Flails | 4 5 |  5.9
Stealth        | 1 3 |  3.9
Dodging        | 1 |  1.7

Action                   |  1- 3 |  4- 6 || total
-------------------------+-------+-------++-------
Melee: Flail             |    39 |    33 ||    72
  Use: Potion            |     1 |       ||     1
 Stab: Invisible         |     1 |     5 ||     6
Armor: Scale mail        |     9 |       ||     9
       Ring mail         |     5 |     5 ||    10
Dodge: Dodged            |    15 |    14 ||    29
Block: Kite shield       |    19 |    16 ||    35

Table legend: (Time is in decaauts)
 A = Elapsed time spent in this place.
 B = Non-inter-level travel time spent in this place.
 C = Inter-level travel time spent in this place.
 D = Time resting spent in this place.
 E = Time spent auto-exploring this place.
 F = Levels seen in this place.
 G = Mean time per level.
                   A        B        C        D        E       F      G
               +--------+--------+--------+--------+--------+-----+--------+
         Total |    271 |    271 |      0 |     67 |      3 |   1 |  271.0 |
       Dungeon |    271 |    271 |      0 |     67 |      3 |   1 |  271.0 |
               +--------+--------+--------+--------+--------+-----+--------+

Top non-repeatable levels by time:
       D: 271 daAuts
